 Dungeon Crawl Stone Soup version 0.23-a0-54-gae6112e (webtiles) character file.

504 MovingMist the Skirmisher (level 7, -8/44 HPs)
             Began as a Gargoyle Fighter on Aug 8, 2018.
             Mangled by an ogre
             ... wielding a cursed -3 giant club
              (24 damage)
             ... on level 4 of the Dungeon.
             The game lasted 00:10:01 (3268 turns).

MovingMist the Skirmisher (Gargoyle Fighter)        Turns: 3268, Time: 00:10:02

Health: -8/44      AC: 18    Str: 20    XL:     7   Next: 17%
Magic:  7/7        EV:  6    Int:  8    God:
Gold:   214        SH:  9    Dex: 11    Spells: 6/6 levels left

rFire    . . .     SeeInvis .   a - +0 flail
rCold    . . .     Gourm    .   c - +0 shield
rNeg     + . .     Faith    .   p - +0 chain mail
rPois    ∞         Spirit   .   g - +0 helmet
rElec    +         Reflect  .   r - +0 cloak
rCorr    .         Harm     .   s - +1 pair of gloves
MR       .....                  (no boots)
Stlth    ..........             (no amulet)
HPRegen  0.14/turn              (no ring)
MPRegen  0.10/turn              (no ring)

@: no status effects
A: negative energy resistance 1, electricity resistance, unbreathing,
petrification resistance, rot immunity, AC +4
a: no special abilities


You were on level 4 of the Dungeon.
You were not hungry.

You visited 1 branch of the dungeon, and saw 4 of its levels.
You also visited: Sewer.

You collected 214 gold pieces.

Inventory:

Hand Weapons
 a - a +0 flail (weapon)
Missiles
 y - 2 throwing nets (quivered)
Armour
 c - a +0 shield (worn)
 g - a +0 helmet (worn)
 p - a +0 chain mail (worn)
 r - a +0 cloak (worn)
 s - a +1 pair of gloves (worn)
Jewellery
 o - an uncursed ring of resist corrosion {unknown}
 w - an uncursed amulet of magic regeneration
Scrolls
 i - 3 scrolls of remove curse {unknown}
 n - a scroll of teleportation
 q - a scroll of immolation {unknown}
 t - a scroll of enchant weapon {unknown}
 u - a scroll of enchant armour {unknown}
 v - a scroll of random uselessness {unknown}
Potions
 d - a potion of might
 e - 2 potions of haste
 h - 2 potions of agility {unknown}
 j - 2 potions of degeneration {unknown}
 k - a potion of heal wounds {unknown}
 l - 6 potions of flight {unknown}
 m - 2 potions of curing {unknown}
 x - a potion of mutation {unknown}
Comestibles
 b - 3 chunks of flesh
 f - 7 rations


   Skills:
 + Level 5.0 Fighting
 + Level 4.0 Maces & Flails
 - Level 3.8 Armour
 * Level 3.9 Dodging
 - Level 3.4 Shields


You had 6 spell levels left.
You didn't know any spells.
Your spell library was empty.

Dungeon Overview and Level Annotations

Branches:
Dungeon (4/15)
 Temple: D:4-7

Altars:
Cheibriados
Fedhas
Gozag
Xom
The Shining One


Innate Abilities, Weirdness & Mutations

You are resistant to torment.
Your stone body is resilient. (AC +4)
You are immune to poison.
You resist negative energy. (rN+)
You are resistant to electric shocks. (rElec)
You can survive without breathing.
You are immune to petrification.
You are immune to rotting.


Message History

Found a stone staircase leading down.
You now have 214 gold pieces (gained 10).
Found 31 stones.
Found a hand axe.
You see here a hand axe.
l - 6 amethyst potions (gained 1)
An ogre comes into view. It is wielding a giant club.
The ogre shouts!
You block the ogre's attack.
You sock the ogre!
The ogre is heavily wounded.
An orc priest comes into view.
The ogre hits you with a giant club!!
Ouch! That really hurt!
You barely miss the ogre.
The ogre is heavily wounded.
An orc comes into view. It is wielding a short sword.
The ogre hits you with a giant club!!
Ouch! That really hurt!
You die...

# #o #.?...
#. ....... .o
........ .###
..........
..# .#
......$..#
#O# ..#
.........
#@### ..#
.......#
#...# ##.#
.......#
###.# #...
..>...##
#.###..#
......<##
#...#.#
........#
###...#
.........####
###.###
.#..........#
#...#
.#..........#
####.#.#


You could see an ogre, an orc priest and an orc (wandering).

Vanquished Creatures
  A big kobold (Sewer)
  Crazy Yiuf (D:3)
  An orc priest (D:3)
  A hound (D:4)
  2 orc wizards (D:3)
  Natasha (twice) (D:4)
  2 worker ants (D:4)
  2 gnolls (D:1)
  4 adders
  3 river rats
  An ooze (D:2)
  A worm (D:2)
  4 dart slugs
  2 leopard geckos
  7 orcs (D:3)
  2 giant cockroaches
  5 goblins
  9 hobgoblins
  10 jackals
  2 quokkas
  A ball python (D:2)
  A ball python skeleton (D:4)
  9 bats
  4 frilled lizards
  14 kobolds
  13 rats
104 creatures vanquished.

Notes
Turn   | Place    | Note
-------+----------+-------------------------------------------
     0 | D:1      | MovingMist the Gargoyle Fighter began the quest for the Orb.
     0 | D:1      | Reached XP level 1. HP: 14/14 MP: 1/1
    44 | D:1      | Reached XP level 2. HP: 18/19 MP: 2/2
    79 | D:1      | Reached XP level 3. HP: 10/23 MP: 3/3
   326 | D:1      | Reached skill level 1 in Dodging
   512 | D:1      | Reached XP level 4. HP: 21/29 MP: 4/4
  1089 | D:2      | Found a snail-covered altar of Cheibriados.
  1125 | D:2      | Found a blossoming altar of Fedhas.
  1128 | D:2      | Found an opulent altar of Gozag.
  1303 | D:2      | Found a shimmering altar of Xom.
  1305 | D:2      | Found a shimmering altar of Xom.
  1305 | D:2      | Found a shimmering altar of Xom.
  1307 | D:2      | Found a sacrificial altar of Ru.
  1307 | D:2      | Found an ancient bone altar of Kikubaaqudgha.
  1307 | D:2      | Found a shimmering altar of Xom.
  1435 | D:2      | Reached skill level 4 in Fighting
  1808 | D:3      | Reached XP level 5. HP: 33/33 MP: 5/5
  1902 | D:3      | Found a glowing drain.
  1964 | D:3      | Found a glowing golden altar of the Shining One.
  2229 | Sewer    | Entered a sewer
  2266 | Sewer    | Reached XP level 6. HP: 17/39 MP: 6/6
  2603 | Sewer    | Found a white marble altar of Elyvilon.
  2940 | D:3      | Found a runed door.
  2944 | D:3      | Noticed Crazy Yiuf
  2947 | D:3      | Killed Crazy Yiuf
  3074 | D:4      | Reached XP level 7. HP: 24/44 MP: 7/7
  3112 | D:4      | Noticed Natasha
  3121 | D:4      | Killed Natasha
  3121 | D:4      | Reached skill level 5 in Fighting
  3217 | D:4      | Noticed Natasha
  3231 | D:4      | Killed Natasha
  3268 | D:4      | Mangled by an ogre

Vault maps used:
D:1:      lightli_arrival_quake
D:2:      minmay_overflow_temple_star_quad, doesnt_xom_only_xom,
          kennysheep_generic_room_16
D:3:      portal_sewer_entry_c, tso_altar, uniq_crazy_yiuf_cottage
D:4:      first_ration, uniq_natasha
Sewer:    sewer_kobolds

Skill      XL: |  1  2  3  4  5  6  7 |
---------------+----------------------+-----
Dodging        | 1 2 3 |  3.9
Fighting       | 4 5 |  5.0
Maces & Flails | 3 4 |  4.0
Armour         | |  3.8
Shields        | |  3.4

Action                   |  1- 3 |  4- 6 |  7- 9 || total
-------------------------+-------+-------+-------++-------
Melee: Flail             |   110 |   409 |    20 ||   539
  Use: Scroll            |     1 |     1 |     1 ||     3
  Eat: Chunk             |       |     8 |     1 ||     9
Armor: Scale mail        |   123 |   122 |       ||   245
       Chain mail        |       |   215 |    10 ||   225
Dodge: Dodged            |    57 |   172 |     7 ||   236
Block: Shield            |    79 |   239 |     8 ||   326

Table legend:
 A = Spawn XP
 B = Non-spawn XP
 C = Spawn XP percentage of total XP
 D = Spawn monster count
 E = Non-spawn monster count
 F = Spawn count percentage of total count
 G = Total turns spent on level
                    A         B        C        D         E        F      G
               +---------+---------+-------+---------+---------+-------+---------
         Total |       0 |     720 |   0.0 |       0 |     104 |   0.0 |  3268
               +---------+---------+-------+---------+---------+-------+---------
           D:1 |       0 |      87 |   0.0 |       0 |      34 |   0.0 |   845
           D:2 |       0 |      75 |   0.0 |       0 |      25 |   0.0 |   956
           D:3 |       0 |     229 |   0.0 |       0 |      28 |   0.0 |   786
           D:4 |       0 |     192 |   0.0 |       0 |       7 |   0.0 |   261
         Sewer |       0 |     137 |   0.0 |       0 |      10 |   0.0 |   420
               +---------+---------+-------+---------+---------+-------+---------
